AoeStats
← Armenia

Hill Fort

506214073Analyzed
4v4 RM · 19d ago on Sep 12, 2026· 42m 24s· 8 players
Game mode
Random Map
Map size
Large (8 player)
Population
200
Speed
Normal
Resources
Standard
Victory
Conquest
Starting age
Dark Age
Ending age
Imperial Age
RankedLock teamsTeams togetherTeam positionsShared explorationLock speedFull tech treeHidden civsTurbo modeCheats
Victory
Defeat
🇦🇷 Byzantines · Argentina
776
+9
🇦🇷 Aztecs · Argentina
752
+10
🇦🇷 Britons · Argentina
690
+12
🇦🇷 Slavs · Argentina
675
+12
🇩🇪 Malay · Germany
668
-13
🇹🇷 Magyars · Türkiye
616
-11
🇦🇲 Armenians · Armenia
595
-12
🇩🇪 Wu · Germany
551
-9
Ernie_Black57
0:47 Loom
13:37 Feudal Age
15:49 Horse Collar
18:48 Forging
18:31 Fletching
18:42 Padded Archer Armor
24:31 Castle Age
24:39 Wheelbarrow
25:31 Pikeman
27:00 Crossbowman
31:25 Iron Casting
30:47 Bodkin Arrow
31:08 Leather Archer Armor
31:01 Heavy Plow
32:45 Arson
36:00 Hand Cart
38:35 Imperial Age
37:52 Murder Holes
38:35 Arbalester
39:26 Thumb Ring
42:45 Chemistry
42:08 Ballistics
Ottoman5734
12:06 Feudal Age
25:25 Castle Age
23:08 Man-at-Arms
24:06 Horse Collar
25:46 Fletching
25:57 Padded Archer Armor
28:05 Bloodlines
32:51 Gold Mining
35:09 Leather Archer Armor
34:55 Scale Mail Armor
36:15 Squires
36:00 Arson
37:35 Wheelbarrow
41:55 Imperial Age
41:05 Crossbowman
Albatu
12:13 Feudal Age
16:27 Scale Barding Armor
18:35 Bloodlines
20:38 Castle Age
19:01 Double-Bit Axe
19:10 Horse Collar
20:54 Stone Mining
20:55 Gold Mining
21:47 Bow Saw
21:54 Heavy Plow
25:45 Bloodlines
28:00 Husbandry
31:48 Chain Barding Armor
31:29 Padded Archer Armor
31:20 Fletching
32:48 Thumb Ring
34:49 Wheelbarrow
36:03 Leather Archer Armor
35:44 Bodkin Arrow
39:24 Gold Shaft Mining
39:26 Ballistics
38:47 Treadmill Crane
39:03 Murder Holes
39:19 Masonry
39:39 Corvinian Army
Armenia
17:12 Feudal Age
17:37 Horse Collar
23:21 Wheelbarrow
22:33 Town Watch
23:05 Double-Bit Axe
23:42 Pikeman
Joe mama
0:30 Loom
15:31 Feudal Age
17:30 Man-at-Arms
28:35 Castle Age
30:49 Wheelbarrow
30:04 Double-Bit Axe
31:18 Squires
31:20 Pikeman
37:24 Hand Cart
39:36 Town Watch
Shnissugah
0:27 Loom
10:49 Feudal Age
11:35 Loom
14:47 Double-Bit Axe
17:17 Stone Mining
17:17 Man-at-Arms
18:40 Gold Mining
30:52 Castle Age
31:23 Scale Mail Armor
31:34 Forging
32:13 Eagle Warrior
32:39 Arson
32:42 Pikeman
34:36 Squires
35:31 Bow Saw
35:42 Chain Mail Armor
36:03 Iron Casting
40:04 Imperial Age
38:48 Wheelbarrow
43:06 Hand Cart
Xi Jinping
10:10 Feudal Age
12:35 Double-Bit Axe
12:33 Horse Collar
17:40 Wheelbarrow
20:52 Castle Age
23:44 Padded Archer Armor
25:54 Fletching
30:00 Bow Saw
30:07 Stone Mining
30:20 Gold Mining
31:11 Heavy Plow
33:09 Leather Archer Armor
34:27 Hand Cart
34:49 Ballistics
34:26 Town Watch
36:03 Town Patrol
35:53 Loom
36:09 Town Patrol
36:23 Murder Holes
36:46 Bodkin Arrow
37:03 Forging
40:21 Imperial Age
37:50 Pikeman
39:11 Iron Casting
39:27 Gold Shaft Mining
39:42 Squires
41:00 Yeomen
41:03 Bracer
41:34 Ring Archer Armor
41:52 Elite Longbowman
Fulgencio
11:28 Feudal Age
11:02 Loom
15:39 Double-Bit Axe
18:35 Gold Mining
20:48 Stone Mining
21:10 Horse Collar
23:34 Castle Age
26:23 Husbandry
27:07 Bow Saw
28:07 Scale Barding Armor
34:57 Horse Collar
37:35 Gold Shaft Mining
39:39 Wheelbarrow
44:21 Imperial Age
Connection lost

Rejoining the realm…

Still unreachable

The connection could not be restored.

Session expired

The server has moved on; the page needs a fresh start.